 Dungeon Crawl Stone Soup version 0.30.1-6-gbe392663c4 (webtiles) character file.

Game seed: 13839010659906893009

3964 wingedge the Poker (level 9, -12/73 HPs)
             Began as a Demigod Earth Elementalist on Sept 20, 2023.
             Mangled by turdburglar's ghost (18 damage)
             ... on level 8 of the Dungeon.
             The game lasted 00:24:54 (10475 turns).

wingedge the Poker (Demigod Earth Elementalist)    Turns: 10475, Time: 00:24:55

Health: -12/73     AC:  9    Str: 23    XL:     9   Next: 71%
Magic:  17/17      EV: 11    Int: 21    God:
Gold:   674        SH:  0    Dex: 14    Spells: 10/14 levels left

rFire   . . .        B - +8 demon trident "Rift" {distort, reach+}
rCold   . . .        (no shield)
rNeg    . . .        g - +0 ring mail
rPois   +            M - +0 helmet
rElec   .            e - +0 cloak
rCorr   .            n - +0 pair of gloves
SInv    .            (no boots)
Will    .....        d - amulet of magic regeneration
Stlth   ++           V - +6 ring of strength
HPRegen 0.32/turn    G - ring of poison resistance
MPRegen 0.55/turn

%: no passive effects
@: no status effects
A: high MP 1, forlorn, divine attributes
a: no special abilities


You were on level 8 of the Dungeon.
You visited 1 branch of the dungeon, and saw 8 of its levels.
You also visited: Ossuary.

You collected 773 gold pieces.
You spent 99 gold pieces at shops.

Inventory:

Hand Weapons
 b - a +0 spear of venom
 m - a +2 hand axe of electrocution
 w - the +5 trident "Qics" {chaos, *Slow Fly Will++ Int+2}
   (You found it on level 3 of the Dungeon)

   Int:       It affects your intelligence (+2).
   Fly:       It grants you flight.
   *Slow:     It may slow you when you take damage.
   Will:      It greatly increases your willpower.
 B - the +8 demon trident "Rift" (weapon) {distort, reach+}
   (You found it on level 3 of the Dungeon)
 K - the +8 spear of the Dwarven Hall {heavy, Fly Int+3 Stlth+}
   (You found it on level 5 of the Dungeon)

   Int:       It affects your intelligence (+3).
   Fly:       It grants you flight.
   Stlth:     It makes you more stealthy.
Missiles
 A - 3 throwing nets
 L - 5 javelins
 U - 3 curare-tipped darts (quivered)
Armour
 a - a +0 robe
 e - a +0 cloak (worn)
 g - a +0 ring mail (worn)
 n - a +0 pair of gloves (worn)
 M - a +0 helmet (worn)
Jewellery
 d - an amulet of magic regeneration (around neck)
 q - a +6 ring of dexterity
 G - a ring of poison resistance (right hand)
 I - a ring of ice
 T - a +6 ring of strength
 V - a +6 ring of strength (left hand)
 Y - an amulet of regeneration
Wands
 C - a wand of flame (43)
 E - a wand of paralysis (9)
 H - a wand of roots (23)
 W - a wand of mindburst (17)
 X - a wand of digging (5)
Scrolls
 f - 5 scrolls of teleportation {unknown}
 h - a scroll of fog {unknown}
 j - 2 scrolls of poison {unknown}
 l - 3 scrolls of amnesia {unknown}
 o - 3 scrolls of noise {unknown}
 p - a scroll of blinking {unknown}
 r - 2 scrolls of summoning {unknown}
 u - 3 scrolls of magic mapping
 x - a scroll of silence {unknown}
 y - a scroll of vulnerability {unknown}
 D - 2 scrolls of torment {unknown}
 F - 6 scrolls of identify {unknown}
 O - a scroll of enchant weapon {unknown}
 Q - 2 scrolls of enchant armour {unknown}
 S - 2 scrolls of fear {unknown}
Potions
 c - a potion of cancellation {unknown}
 i - 2 potions of attraction {unknown}
 k - a potion of degeneration {unknown}
 s - 2 potions of curing
 t - a potion of might {unknown}
 v - 3 potions of heal wounds {unknown}
 z - 2 potions of invisibility {unknown}
 J - 3 potions of haste {unknown}
 N - a potion of flight {unknown}
 P - a potion of ambrosia {unknown}
 R - a potion of mutation {unknown}


   Skills:
 + Level 4.8 Fighting
 * Level 6.5 Polearms
 + Level 5.0 Armour
 + Level 2.3 Dodging
 + Level 5.3 Stealth
 + Level 3.2 Spellcasting
 - Level 5.0 Conjurations
 - Level 0.8 Transmutations
 - Level 5.0 Earth Magic


You had 10 spell levels left.
You knew the following spells:

 Your Spells              Type           Power      Damage    Failure   Level
a - Sandblast             Erth           48%        2d12      2%          1
b - Stone Arrow           Conj/Erth      48%        3d10      8%          3

Your spell library contained the following spells:

 Spells                   Type           Power      Damage    Failure   Level
 Passwall                 Tmut/Erth      12%        N/A       9%          2
 Dazzling Flash           Conj/Hex       26%        N/A       22%         3
 Spider Form              Tmut/Pois      5%         N/A       45%         3
 Portal Projectile        Hex/Tloc       6%         N/A       52%         3
 Tukima's Dance           Hex            3%         N/A       52%         3
 Volatile Blastmotes      Fire/Tloc      6%         2d10      52%         3
 Petrify                  Tmut/Erth      15%        N/A       52%         4
 Iskenderun's Mystic Bla  Conj/Tloc      13%        2d5       56%         4
 Irradiate                Conj/Tmut      7%         3d14      86%         5
 Manifold Assault         Tloc           3%         N/A       89%         4
 Blade Hands              Tmut           3%         N/A       98%         5
 Dispersal                Tloc           1%         N/A       100%        6
 Starburst                Conj/Fire      6%         6d4       100%        6
 Dragon Form              Tmut           3%         N/A       100%        7
 Disjunction              Tloc           1%         N/A       100%        8


Dungeon Overview and Level Annotations

Branches:
Dungeon (8/15)             Temple (0/1) D:5         Ossuary (visited)
   Lair: D:8-11

Shops:
D:2 (   D:3 (*((

Annotations:
D:5 need dig
D:8 turdburglar's ghost, novice OgGl
Abyss:1 Duvessa


Innate Abilities, Weirdness & Mutations

You have an increased reservoir of magic. (+10% MP)
You shall have no god before yourself.
Your divine heritage dramatically boosts your attributes as you level up.


Message History

Aim: turdburglar's ghost, wielding a weapon of venom (moderately damaged, about 37% to evade the +8 demon trident "Rift")
You hit turdburglar's ghost.
Space warps around turdburglar's ghost.
Turdburglar's ghost is heavily damaged.
You feel very sick.
Turdburglar's ghost hits you but does no damage.
You are more poisoned.
Reach: B) +8 demon trident "Rift" {distort, reach+}
Press: ? - help, Dir - move target, f/p - turdburglar's ghost
Aim: turdburglar's ghost, wielding a weapon of venom (heavily damaged, about 37% to evade the +8 demon trident "Rift")
You closely miss turdburglar's ghost.
Turdburglar's ghost is heavily damaged.
You feel very sick.
Turdburglar's ghost hits you but does no damage.
Reach: B) +8 demon trident "Rift" {distort, reach+}
Press: ? - help, Dir - move target, f/p - turdburglar's ghost
Aim: turdburglar's ghost, wielding a weapon of venom (heavily damaged, about 37% to evade the +8 demon trident "Rift")
You closely miss turdburglar's ghost.
Turdburglar's ghost is heavily damaged.
You feel very sick. Turdburglar's ghost hits you!
You are lethally poisoned!
Okay, then.
Okay, then.
It was a potion of curing.
You feel better.
Turdburglar's ghost hits you but does no damage.
Reach: B) +8 demon trident "Rift" {distort, reach+}
Press: ? - help, Dir - move target, f/p - turdburglar's ghost
Aim: turdburglar's ghost, wielding a weapon of venom (heavily damaged, about 37% to evade the +8 demon trident "Rift")
You hit turdburglar's ghost but do no damage.
Turdburglar's ghost is heavily damaged.
Turdburglar's ghost hits you!
* * * LOW HITPOINT WARNING * * *
As you read the scroll labelled UDOMIAHUOTI, it crumbles to dust.
You feel momentarily disoriented.
It was a scroll of magic mapping.
Turdburglar's ghost hits you!!
* * * LOW HITPOINT WARNING * * *
You feel better.
Turdburglar's ghost screams, "You will join me soon!"
Turdburglar's ghost hits you!!
You die...

# #.# #...........#>.. # #.#
#...###..####### # #.#
#...#≈#.........
##############.###...###.........
......^..................########
.................................
################......#########.#
###$....#.................
########'#?~~~~W@....##########.#
..#......#.....#.....# ##.#
.........############# ##..#
#.............# #..##
##..####'##...# ###.## ##.#
#(###### #...# #.# #.# ##.###
#.####'###### ##..# #.##........#
#######..####


You could see turdburglar's ghost.

Vanquished Creatures
  Pikel (D:7)
  Joseph (D:7)
  Grinder (D:4)
  Prince Ribbit (D:7)
  Sigmund (D:4)
  A wraith (D:8)
  A steam dragon (D:8)
  A water moccasin (D:8)
  A sky beast (D:7)
  An ice beast (D:5)
  2 orc warriors
  2 black bears
  4 lemures (D:7)
  A kobold brigand (D:8)
  A gnoll sergeant (D:6)
  A scorpion (D:6)
  4 wights (D:7)
  Dowan (D:6)
  A howler monkey (D:5)
  6 jellies
  3 orc priests
  Crazy Yiuf (D:2)
  4 hounds
  A sleepcap (D:6)
  Ijyb (D:4)
  3 iguanas
  Natasha (thrice) (D:2)
  6 orc wizards
  8 mummies (Ossuary)
  10 gnolls
  5 adders
  A shadow imp (D:7)
  5 worms
  5 dart slugs
  20 orcs
  6 ball pythons
  5 bats
  12 endoplasms
  5 giant cockroaches
  2 gnoll zombies (Ossuary)
  11 goblins
  9 hobgoblins
  14 kobolds
  5 quokkas
  4 frilled lizards
  2 hobgoblin zombies (Ossuary)
  A kobold zombie (Ossuary)
  3 orc zombies (Ossuary)
  7 rats
195 creatures vanquished.

Notes
Turn   | Place    | Note
-------+----------+-------------------------------------------
     0 | D:1      | wingedge the Demigod Earth Elementalist began the quest for
                  | the Orb.
     0 | D:1      | Reached XP level 1. HP: 14/14 MP: 5/5
   274 | D:1      | Reached XP level 2. HP: 22/22 MP: 5/7
   650 | D:1      | Reached skill level 1 in Conjurations
   828 | D:1      | Reached skill level 1 in Fighting
  1142 | D:1      | Reached XP level 3. HP: 28/28 MP: 6/8
  1358 | D:1      | Learned a level 3 spell: Stone Arrow
  1919 | D:2      | Found Xuamin's Weapon Shoppe.
  2066 | D:2      | Noticed Natasha
  2116 | D:2      | Found a runed translucent door.
  2117 | D:2      | Noticed Crazy Yiuf
  2185 | D:3      | Reached XP level 4. HP: 35/35 MP: 7/10
  2292 | D:3      | Found Koduegur's Assorted Antiques.
  2302 | D:3      | Bought a grey potion for 18 gold pieces
  2302 | D:3      | Bought a bubbling purple potion for 18 gold pieces
  2302 | D:3      | Bought a scroll labelled QOESECLAIX for 21 gold pieces
  2302 | D:3      | Bought a scroll labelled TUREYD TUABU for 21 gold pieces
  2302 | D:3      | Bought a scroll labelled UDOMIAHUOTI for 21 gold pieces
  2356 | D:3      | Found Viemi's Weapon Shop.
  2537 | D:3      | Found Utoutoh's Weapon Emporium.
  2621 | D:3      | Identified the +5 trident "Qics" {chaos, *Slow Fly Will++
                  | Int+2}
  2863 | D:3      | Found Xigecan's Antique Weapon Boutique.
  3100 | D:3      | Found the +8 demon trident "Rift" {distort, reach+}
  3405 | D:4      | Noticed Grinder
  3417 | D:4      | Killed Grinder
  3418 | D:4      | Reached XP level 5. HP: 10/41 MP: 1/12
  3418 | D:4      | Reached XP level 6. HP: 11/48 MP: 1/13
  3782 | D:4      | Noticed Sigmund
  3788 | D:4      | Killed Sigmund
  4025 | D:4      | Noticed Ijyb
  4028 | D:4      | Killed Ijyb
  4504 | D:5      | Entered Level 5 of the Dungeon
  4658 | D:5      | Reached XP level 7. HP: 55/55 MP: 10/14
  4662 | D:5      | Reached skill level 1 in Polearms
  4956 | D:5      | Found a staircase to the Ecumenical Temple.
  5025 | D:5      | Identified the +8 spear of the Dwarven Hall {heavy, Fly
                  | Int+3 Stlth+}
  5095 | D:5      | Reached skill level 2 in Polearms
  5139 | D:5      | Reached skill level 5 in Earth Magic
  5938 | D:6      | Reached skill level 3 in Polearms
  5952 | D:6      | Reached skill level 1 in Armour
  5952 | D:6      | Reached XP level 8. HP: 53/63 MP: 3/15
  6049 | D:6      | Noticed Duvessa
  6050 | D:6      | Noticed Dowan
  6072 | D:6      | Banished Duvessa
  6075 | D:6      | Killed Dowan
  6094 | D:6      | Reached skill level 4 in Polearms
  6094 | D:6      | Reached skill level 5 in Conjurations
  6102 | D:6      | Found a sand-covered staircase.
  6186 | Ossuary  | Entered an ossuary
  7126 | D:7      | Got Yrchicwa's Discourse on Modification
  7154 | D:7      | Noticed Prince Ribbit
  7162 | D:7      | Killed Prince Ribbit
  7320 | D:7      | Reached skill level 5 in Polearms
  7323 | D:7      | Reached XP level 9. HP: 71/71 MP: 12/16
  7538 | D:7      | Noticed Pikel
  7552 | D:7      | Killed Pikel
  7639 | D:7      | Noticed Joseph
  7645 | D:7      | Killed Joseph
  7646 | D:7      | Reached skill level 6 in Polearms
  7646 | D:7      | Reached skill level 5 in Stealth
  7896 | D:2      | Killed Crazy Yiuf
  7961 | D:2      | Killed Natasha
  8386 | D:2      | Found Xuamin's Weapon Shoppe.
  8681 | D:2      | Noticed Natasha
  8691 | D:2      | Found Xuamin's Weapon Shoppe.
  8727 | D:2      | Killed Natasha
  9516 | D:2      | Noticed Natasha
  9521 | D:2      | Killed Natasha
  9878 | D:8      | Found a runed translucent door.
 10056 | D:8      | Reached skill level 5 in Armour
 10461 | D:8      | Noticed turdburglar's ghost (novice OgGl)
 10474 | D:8      | HP: 1/73 [turdburglar's ghost (20)]
 10475 | D:8      | Mangled by turdburglar's ghost

Illustrated notes

Levels and vault maps discovered:
D:1:      dpeg_arrival_rooms_with_view, layout_basic
D:2:      layout_loops_ring, serial_shops, nicolae_shop_hallway_stairs,
          minmay_unequal, uniq_crazy_yiuf_cottage, uniq_natasha
D:3:      layout_loops_ring, trog_hazing_becter, serial_shops,
          nicolae_shop_tiny_real_fake_doors, shop, shop, nicolae_shop_waterfront
D:4:      layout_loops_corners, uniq_grinder, uniq_ijyb, uniq_sigmund
D:5:      layout_cave_pools, kennysheep_slug_shrine, zin_scriptorium,
          temple_green, kennysheep_generic_room_8
D:6:      layout_rooms, enter_ossuary_5, chequers_big_river, uniq_duvessa
D:7:      layout_basic, okawaru_altar_gauntlet_db, grunt_dithmenos_shadows,
          nicolae_ru_great_annihilating_truth, uniq_joseph, uniq_prince_ribbit1,
          uniq_pikel
D:8:      layout_basic, ebering_ghost_reflecting_pool, feat_on_display

Skill      XL: |  1  2  3  4  5  6  7  8  9 |
---------------+----------------------------+-----
Spellcasting   | 2 3 |  3.2
Conjurations   | 1 3 4 5 |  5.0
Fighting       | 1 2 3 4 |  4.8
Earth Magic    | 3 4 5 |  5.0
Dodging        | 2 |  2.3
Stealth        | 2 3 4 5 |  5.3
Polearms       | 3 5 6 |  6.5
Armour         | 1 3 5 |  5.0
Transmutations | |  0.8

Action                     |  1- 3 |  4- 6 |  7- 9 || total
---------------------------+-------+-------+-------++-------
  Melee: Trident           |       |    15 |    23 ||    38
         Hand axe          |       |     5 |       ||     5
         Spear             |       |       |     4 ||     4
         Punch             |       |       |     1 ||     1
         Demon trident     |       |       |   124 ||   124
  Throw: Throwing net      |       |     1 |       ||     1
   Cast: Sandblast         |    73 |    49 |       ||   122
         Stone Arrow       |       |    19 |    80 ||    99
    Use: Potion            |       |       |     3 ||     3
         Scroll            |       |       |     1 ||     1
   Stab: Held in net/web   |       |     1 |       ||     1
         Sleeping          |       |       |     6 ||     6
         Distracted        |       |       |     2 ||     2
         Paralysed         |       |       |     1 ||     1
 Armour: Robe              |     2 |     9 |     8 ||    19
         Ring mail         |       |       |    24 ||    24
  Dodge: Dodged            |    10 |    20 |    48 ||    78
